Map: Bel'Shir Vestige LE (Void)

Players

RustCohle - Winner!

  • Race: Zerg Zerg
  • League: Diamond
  • Spawn Location: 11:00

Musumeci

  • Race: Zerg Zerg
  • League: Diamond
  • Spawn Location: 5:00

VOD

Have the link to the VOD?

Description

Time

  • Played on: Feb. 23, 2017, 12:49 p.m.
  • Length: 11:08
Show
View Real Time Build Order
Export as new Build Order

RustCohle Zerg - Winner!

Build Orders: Hatch First 

Get SALT Encoding   

  12  0:01  Drone  
  13  0:12  Overlord  
  13  0:16  Drone  
  14  0:30  Drone x2  
  14  0:34  Drone  
  17  0:52  Hatchery  
  17  0:54  Drone  
  17  0:58  Extractor  
  17  0:59  Drone  
  18  1:20  Extractor  
  18  1:21  Spawning Pool  
  18  1:24  Drone x2  
  18  1:44  Overlord  
  18  1:45  Drone  
  19  1:55  Drone  
  20  2:07  Queen  
  20  2:08  Queen  
  24  2:11  Drone x2  
  27  2:15  Drone x2  
  27  2:21  Metabolic Boost  
  28  2:23  Drone  
  29  2:33  Drone x2  
  29  2:36  Overlord  
  31  2:44  Queen  
  31  2:45  Queen  
  31  2:50  Zergling x2  
  36  2:52  Overlord  
  36  2:58  Zergling x4  
  38  3:05  Spine Crawler  
  37  3:06  Zergling x2  
  37  3:12  Zergling x2  
  39  3:16  Zergling x4  
  39  3:17  Zergling x6  
  44  3:28  Zergling x8  
  48  3:34  Baneling Nest  
  47  3:43  Zergling x6  
  48  4:16  Overlord x2  
  48  4:23  Evolution Chamber  
  47  4:27  Overlord x2  
  47  4:29  Baneling x5  
  47  4:30  Baneling  
  38  4:53  Drone x5  
  38  4:54  Drone x2  
  44  5:00  Zergling x4  
  44  5:03  Baneling x2  
  41  5:23  Zergling x6  
  41  5:25  Drone  
  41  5:26  Queen  
  46  5:32  Zergling x4  
  46  5:33  Zergling x6  
  51  5:45  Zergling x8  
  51  5:46  Zergling x2  
  50  6:06  Zergling x8  
  50  6:08  Baneling x2  
  52  6:19  Zerg Melee Weapons Level 1, Extractor  
  52  6:20  Drone x2  
  52  6:23  Evolution Chamber  
  52  6:34  Baneling x2  
  52  6:35  Zergling x4  
  54  6:40  Zergling x4  
  54  6:41  Lair  
  54  6:44  Drone  
  54  6:45  Drone x2  
  54  6:46  Baneling  
  54  6:47  Baneling  
  59  7:01  Drone x2  
  60  7:14  Drone x2  
  60  7:15  Drone x3  
  64  7:17  Zergling x4  
  64  7:19  Zergling x4  
  67  7:28  Zergling x8  
  71  7:30  Baneling x3  
  71  7:41  Zergling x6  
  74  7:47  Zergling x2  
  74  7:53  Drone x2, Spire  
  74  7:55  Extractor  
  69  7:59  Extractor  
  69  8:00  Zergling x6  
  69  8:01  Zergling x4  
  72  8:09  Hatchery  
  71  8:14  Drone x3  
  72  8:27  Baneling  
  72  8:28  Baneling x3  
  71  8:40  Drone x2  
  71  8:41  Drone x2  
  74  8:46  Overlord x3  
  72  9:03  Extractor  
  72  9:04  Extractor  
  72  9:05  Baneling x4  
  72  9:06  Mutalisk, Baneling  
  72  9:07  Mutalisk x3  
  73  9:25  Mutalisk x2  
  68  9:34  Zergling x8  
  70  9:48  Mutalisk x3  
  70  9:50  Zergling x4  
  78  9:54  Zergling x6  
  81  10:17  Hatchery  
  81  10:20  Zergling x8  
  84  10:28  Zergling x4  
  84  10:29  Zergling x10  
  84  10:33  Zergling x2  
  84  10:34  Baneling x3  
  88  10:45  Zergling x4  
Show
View Real Time Build Order
Export as new Build Order

Musumeci Zerg 

Build Orders: Hatch First 

Get SALT Encoding   

  12  0:01  Drone  
  13  0:08  Drone  
  14  0:22  Extractor  
  14  0:23  Drone  
  15  0:40  Hatchery  
  14  0:45  Extractor  
  14  0:46  Drone  
  15  1:01  Spawning Pool  
  14  1:10  Evolution Chamber  
  13  1:18  Drone, Extractor  
  12  1:19  Drone  
  12  1:25  Overlord  
  14  1:47  Queen  
  14  1:50  Drone  
  14  1:51  Drone  
  14  1:53  Drone  
  19  1:58  Queen  
  21  2:04  Drone  
  22  2:08  Drone  
  22  2:12  Drone  
  24  2:25  Metabolic Boost  
  24  2:37  Zergling x8  
  24  2:39  Overlord  
  28  2:49  Baneling Nest  
  27  2:53  Zergling x2  
  28  3:01  Zergling x8  
  32  3:15  Overlord  
  32  3:16  Overlord  
  32  3:24  Zergling x6  
  35  3:37  Zergling x2  
  35  3:38  Zergling x6  
  38  3:51  Baneling x5  
  38  3:54  Zergling x2  
  38  3:55  Zergling x4  
  36  4:11  Baneling x2  
  36  4:20  Zergling x14  
  43  4:26  Evolution Chamber  
  30  4:57  Zergling x12  
  28  5:14  Zergling x10  
  30  5:26  Zergling x4  
  25  5:41  Baneling  
  25  5:42  Baneling  
  25  5:43  Zergling x12  
  31  6:04  Baneling  
  31  6:05  Zergling x8  
  31  6:07  Baneling x2  
  34  6:16  Queen  
  36  6:31  Baneling  
  36  6:32  Baneling x2  
  36  6:38  Overlord  
  36  6:43  Zerg Ground Armor Level 1  
  36  6:45  Baneling  
  36  7:06  Zergling x2  
  36  7:07  Zergling x8  
  38  7:30  Zergling x12  
  43  7:48  Zergling x4  
  43  7:49  Zergling x6  
  46  8:04  Baneling x4  
  46  8:11  Zergling x2  
  46  8:12  Zergling x6  
  50  8:30  Zergling x4  
  36  9:02  Baneling x5  
  36  9:04  Baneling x2  
  36  9:06  Zergling x16  
  30  9:38  Zergling x14  
  27  9:49  Drone  
  27  9:50  Drone x2  
  30  9:55  Spore Crawler  
  29  10:10  Zergling x8  
  33  10:15  Spore Crawler  
  27  10:57  Spore Crawler  
  23  10:58  Spore Crawler  
Tags
 
Add a new tag
Caveats
  • Supply blocks, unpowered buildings, or Contaminate may cause inaccurate times.
  • Supply counts are checked every 10 seconds.